Map: 2000 Atmospheres LE

Players

TradeMarc (uThermal)

  • Race: Terran Terran
  • League: Grandmaster

Reynor - Winner!

  • Race: Zerg Zerg
  • League: Master

Event: DreamHack SC2 Masters Last Chance 2022

VOD

Have the link to the VOD?

Description

Time

  • Played on: Dec. 17, 2021, 1:29 p.m.
  • Length: 8:07

All games in this series

Show
View Real Time Build Order
Export as new Build Order

TradeMarc Terran 

Build Orders: Reaper Expand 

Get SALT Encoding   

  12  0:00  SCV  
  13  0:12  SCV  
  14  0:16  Supply Depot  
  14  0:24  SCV  
  15  0:38  SCV  
  15  0:39  Barracks  
  16  0:43  Refinery  
  16  0:50  SCV  
  17  1:02  SCV  
  18  1:14  SCV  
  19  1:26  Reaper, Orbital Command  
  20  1:39  Command Center  
  20  1:47  Supply Depot  
  20  1:52  SCV  
  21  1:58  Marine  
  22  2:04  SCV  
  22  2:07  Factory  
  23  2:16  SCV, Marine  
  25  2:29  SCV  
  25  2:35  Barracks Reactor  
  25  2:41  SCV  
  26  2:51  Command Center  
  26  2:53  SCV  
  27  3:06  Starport, SCV  
  27  3:09  Refinery  
  28  3:18  SCV  
  29  3:23  Orbital Command  
  29  3:30  Hellion, SCV  
  29  3:31  Hellion  
  34  3:37  Barracks Tech Lab  
  34  3:42  Viking  
  34  3:43  SCV  
  38  3:48  SCV  
  38  3:52  Hellion  
  38  3:55  Hellion  
  42  3:57  SCV  
  42  4:00  SCV  
  44  4:03  Orbital Command  
  44  4:09  SCV  
  45  4:11  Marine  
  45  4:12  Stimpack, SCV  
  47  4:19  Hellion x2  
  47  4:20  Starport Reactor  
  47  4:22  SCV  
  52  4:24  SCV  
  52  4:29  Supply Depot, Marine  
  52  4:30  SCV  
  55  4:34  SCV  
  54  4:43  SCV x2  
  56  4:46  SCV, Factory Reactor  
  56  4:47  Marine  
  56  4:49  Barracks  
  56  4:52  Barracks  
  58  4:55  SCV  
  58  4:56  Engineering Bay  
  58  4:57  Engineering Bay, Orbital Command  
  59  5:01  SCV  
  59  5:05  Marine  
  61  5:07  SCV, Starport Reactor  
  61  5:14  SCV  
  60  5:21  Supply Depot  
  60  5:22  SCV  
  60  5:23  Marine  
  60  5:25  Terran Infantry Weapons Level 1, Terran Infantry Armor Level 1  
  60  5:26  SCV  
  63  5:28  SCV, Refinery  
  63  5:29  Refinery  
  64  5:36  SCV  
  64  5:37  Barracks  
  64  5:38  Barracks  
  64  5:40  Supply Depot, Marine x3  
  64  5:42  SCV  
  69  5:44  SCV  
  69  5:45  Marine  
  69  5:48  SCV  
  71  5:52  Marine  
  71  5:54  Supply Depot, SCV, Combat Shield  
  71  5:56  SCV  
  74  5:58  Marine  
  74  6:00  Supply Depot, SCV  
  74  6:01  Medivac  
  78  6:04  Medivac  
  78  6:06  SCV  
  78  6:10  Supply Depot  
  85  6:11  Widow Mine x2  
  85  6:15  SCV, Marine  
  85  6:17  Marine  
  88  6:19  Supply Depot  
  88  6:20  Marine  
  88  6:21  Marine  
  88  6:23  SCV  
  91  6:27  Armory  
  91  6:28  Barracks Reactor x2  
  91  6:29  SCV  
  91  6:30  SCV  
  93  6:34  Widow Mine x2  
  93  6:35  SCV  
  93  6:37  Marine  
  93  6:38  Bunker  
  93  6:39  Marine  
  98  6:51  Medivac, Marine x3  
  97  6:55  Widow Mine x2, SCV, Marine  
  97  6:56  Marine  
  97  6:59  SCV  
  97  7:00  SCV  
  106  7:03  Medivac  
  106  7:06  Supply Depot  
  106  7:07  SCV  
  106  7:08  Marine  
  110  7:09  Marine x2  
  110  7:11  SCV  
  110  7:13  SCV  
  111  7:15  Marine x2  
  111  7:18  Widow Mine  
  111  7:19  Widow Mine, SCV, Marine x2  
  115  7:26  Marine x2  
  115  7:29  SCV x2  
  117  7:30  Marine  
  117  7:31  Refinery  
  117  7:35  Factory, Marine x2  
  120  7:37  SCV  
  120  7:38  Supply Depot  
  120  7:43  Marine x2  
  125  7:47  Supply Depot  
  125  7:49  Supply Depot, SCV, Marine  
  125  7:50  Supply Depot  
Show
View Real Time Build Order
Export as new Build Order

Reynor Zerg - Winner!

Build Orders: Pool First 

Get SALT Encoding   

  12  0:00  Drone  
  13  0:11  Overlord  
  13  0:17  Drone  
  14  0:31  Drone x2  
  16  0:41  Spawning Pool  
  15  0:44  Drone  
  15  0:47  Drone  
  17  1:08  Hatchery  
  17  1:11  Drone  
  17  1:27  Zergling x6  
  17  1:29  Queen  
  22  1:35  Extractor  
  22  1:38  Overlord  
  21  1:49  Drone  
  22  2:00  Drone  
  23  2:05  Queen  
  25  2:11  Drone  
  26  2:20  Drone  
  27  2:25  Queen  
  27  2:27  Overlord  
  28  2:31  Drone  
  28  2:33  Drone  
  28  2:36  Drone  
  31  2:39  Drone x2  
  32  2:46  Metabolic Boost  
  32  2:48  Drone  
  32  2:49  Drone  
  33  2:52  Drone  
  34  2:59  Overlord  
  34  3:13  Drone  
  34  3:14  Hatchery  
  34  3:15  Drone  
  34  3:17  Drone  
  34  3:19  Drone  
  37  3:22  Drone  
  37  3:23  Drone  
  37  3:25  Drone  
  40  3:27  Zergling x2  
  41  3:37  Drone  
  41  3:38  Drone  
  41  3:39  Queen  
  45  3:42  Zergling x2  
  45  3:43  Zergling x4  
  45  3:45  Overlord  
  48  3:51  Zergling x4  
  48  3:54  Queen  
  52  4:03  Drone x2, Overlord  
  52  4:05  Drone  
  52  4:07  Drone  
  52  4:09  Drone  
  58  4:10  Drone x2  
  59  4:18  Overlord  
  59  4:20  Drone, Queen  
  62  4:26  Queen  
  62  4:27  Drone  
  64  4:37  Drone x3  
  67  4:39  Drone  
  67  4:41  Drone  
  67  4:45  Baneling Nest  
  68  4:47  Overlord  
  68  4:51  Zergling x8  
  72  4:53  Lair  
  72  4:54  Zergling x2  
  73  5:00  Overlord  
  73  5:05  Zergling x4, Extractor  
  74  5:09  Drone  
  74  5:12  Drone x2  
  74  5:13  Drone x2  
  76  5:15  Drone  
  76  5:20  Drone x2, Queen  
  76  5:21  Drone x2  
  82  5:22  Queen  
  82  5:24  Drone  
  82  5:25  Drone  
  85  5:32  Drone, Hatchery, Evolution Chamber  
  85  5:34  Evolution Chamber  
  83  5:36  Drone  
  83  5:37  Drone x4  
  83  5:42  Overlord  
  88  5:46  Drone  
  88  5:48  Extractor  
  88  5:49  Drone  
  89  5:50  Overlord  
  89  5:53  Hatchery, Centrifugal Hooks  
  89  5:56  Extractor  
  87  5:57  Zergling x2  
  87  5:58  Zergling x2  
  87  6:03  Overlord  
  89  6:04  Zergling x10  
  89  6:07  Zergling x2  
  89  6:10  Zergling x2  
  96  6:15  Zergling x2  
  97  6:19  Zergling x6  
  97  6:22  Zergling x6, Spore Crawler  
  97  6:23  Zergling x4  
  104  6:28  Zergling x2  
  104  6:30  Overlord  
  104  6:31  Zergling x6  
  108  6:33  Baneling x4  
  108  6:34  Zergling x2  
  108  6:37  Zergling x2  
  110  6:42  Overlord  
  110  6:44  Zergling x2  
  110  6:46  Zergling x6  
  108  6:48  Zergling x2  
  108  6:53  Queen  
  108  6:54  Drone x4  
  106  6:57  Zergling x6  
  109  7:04  Zergling x2  
  109  7:07  Drone x4  
  114  7:10  Baneling  
  114  7:13  Zergling x2  
  114  7:15  Zergling x6  
  109  7:16  Zergling x6  
  109  7:18  Zergling x2  
  109  7:20  Baneling x2  
  109  7:23  Drone x3  
  109  7:24  Drone  
  109  7:27  Zergling x8  
  109  7:29  Zergling x8  
  121  7:31  Zergling x4  
  121  7:37  Baneling x15  
  123  7:38  Drone x2  
  123  7:40  Drone  
  123  7:41  Drone  
  127  7:46  Baneling  
  127  7:47  Baneling x4, Zergling x4  
  127  7:49  Drone  
  132  7:52  Infestation Pit  
  140  8:06  Hatchery  

Tags
 
Add a new tag
Caveats
  • Supply blocks, unpowered buildings, or Contaminate may cause inaccurate times.
  • Supply counts are checked every 10 seconds.